 Dungeon Crawl Stone Soup version 0.30-a0-757-ga6a79fd877 (webtiles) character file.

Game seed: 4568463626377142957

185 bande the Shield-Bearer (level 5, -3/33 HPs)
             Began as a Gargoyle Fighter on Feb 10, 2023.
             Slain by Edmund
             ... wielding a +2 dire flail of holy wrath
              (8 damage)
             ... on level 4 of the Dungeon.
             The game lasted 00:03:50 (2538 turns).

bande the Shield-Bearer (Gargoyle Fighter)          Turns: 2538, Time: 00:03:51

Health: -3/33      AC: 23    Str: 20    XL:     5   Next: 64%
Magic:  5/5        EV:  8    Int:  8    God:
Gold:   129        SH:  9    Dex: 11    Spells: 4/4 levels left

rFire   + . .      SeeInvis .    a - +0 war axe
rCold   + . .      Faith    .    g - +1 kite shield {AC+3}
rNeg    + . .      Spirit   .    j - +4 scale mail "Dinemnun" {rF+ rC+}
rPois   ∞          Reflect  .    (no helmet)
rElec   +          Harm     .    (no cloak)
rCorr   .          Rampage  .    h - +0 pair of gloves
Will    .....                    (no boots) Stlth
                                 (no amulet)
HPRegen 0.25/turn                f - +4 ring of protection
MPRegen 0.09/turn                (no ring)

@: mighty
A: sickness immunity, AC +4, negative energy resistance 1, electricity
resistance, torment resistance 1, petrification resistance
a: no special abilities


You were on level 4 of the Dungeon.
You visited 1 branch of the dungeon, and saw 4 of its levels.

You collected 129 gold pieces.

Inventory:

Hand Weapons
 a - a +0 war axe (weapon)
Missiles
 o - a throwing net (quivered)
Armour
 g - a +1 kite shield of protection (worn)
 h - a +0 pair of gloves (worn)
 j - the +4 scale mail "Dinemnun" (worn) {rF+ rC+}
   (You found it on level 2 of the Dungeon)

   rF:        It protects you from fire.
   rC:        It protects you from cold.
Jewellery
 c - an amulet of magic regeneration
 f - a +4 ring of protection (left hand)
Scrolls
 e - 7 scrolls of identify {unknown}
 i - a scroll of enchant weapon {unknown}
 k - 4 scrolls of immolation {unknown}
 n - a scroll of teleportation {unknown}
 p - a scroll of vulnerability {unknown}
 r - 2 scrolls of enchant armour {unknown}
Potions
 b - a potion of curing {unknown}
 l - a potion of mutation {unknown}
 m - 2 potions of brilliance {unknown}
 q - a potion of attraction {unknown}


   Skills:
 + Level 3.9 Fighting
 + Level 3.6 Axes
 + Level 4.0 Armour
 - Level 0.2 Stealth
 + Level 4.3 Shields


You had 4 spell levels left.
You didn't know any spells.
Your spell library contained the following spells:

 Spells                   Type           Power      Damage    Failure   Level
 Tukima's Dance           Hex            0%         N/A       100%        3
 Passage of Golubria      Tloc           0%         N/A       100%        4
 Yara's Violent Unravell  Hex/Tmut       0%         3d3       100%        5


Dungeon Overview and Level Annotations

Branches:
Dungeon (4/15)
 Temple: D:4-7

Altars:
Ashenzari
Fedhas
Gozag
Uskayaw
Xom

Annotations:
D:4 Edmund


Innate Abilities, Weirdness & Mutations

You are immune to sickness and miasma.
Your stone body is resilient. (AC +4)
You are immune to poison.
You resist negative energy. (rN+)
You are resistant to electric shocks. (rElec)
You are resistant to unholy torment.
You are immune to petrification.


Message History

You block Edmund's attack.
You hit Edmund but do no damage.
Edmund is moderately wounded.
Edmund hits you but does no damage.
Edmund hits you with a +2 dire flail of holy wrath.
You are too injured to fight recklessly!
You are too injured to fight recklessly!
You are too injured to fight recklessly!
You are too injured to fight recklessly!
You are too injured to fight recklessly!
You are too injured to fight recklessly!
You barely miss Edmund.
Edmund is moderately wounded.
Edmund barely misses you.
You closely miss Edmund.
Edmund is moderately wounded.
Edmund hits you but does no damage. x2
You hit Edmund.
Edmund is moderately wounded.
Edmund hits you with a +2 dire flail of holy wrath.
* * * LOW HITPOINT WARNING * * *
You barely miss Edmund.
Edmund is moderately wounded.
Edmund closely misses you. You block Edmund's attack.
You hit Edmund but do no damage.
Edmund is moderately wounded.
Edmund completely misses you.
You feel very mighty all of a sudden. Edmund hits you but does no damage.
You barely miss Edmund.
Edmund is moderately wounded.
You block Edmund's attack. x2
You slash Edmund!
Edmund is heavily wounded.
Edmund hits you with a +2 dire flail of holy wrath.
* * * LOW HITPOINT WARNING * * *
You barely miss Edmund.
Edmund is heavily wounded.
Edmund hits you with a +2 dire flail of holy wrath!
You die...

#............
#........[...
#............
#...........
####........##
.#............##
.....?..........
#..@@......#
#..........#
#..........#
###..........#
............<##
...####......##
!. #####...# .
#.#..# #†...#


You could see Edmund.

Vanquished Creatures
  2 hounds (D:3)
  3 adders
  A gnoll (D:3)
  2 worms
  2 orcs (D:3)
  5 bats
  3 endoplasms
  5 giant cockroaches
  7 goblins
  6 hobgoblins
  6 jackals
  4 kobolds
  5 quokkas
  14 ball pythons
  6 frilled lizards
  8 rats
79 creatures vanquished.

Notes
Turn   | Place    | Note
-------+----------+-------------------------------------------
     0 | D:1      | bande the Gargoyle Fighter began the quest for the Orb.
     0 | D:1      | Reached XP level 1. HP: 14/14 MP: 1/1
    79 | D:1      | You fall into a shaft and drop 1 floor!
   103 | D:2      | Reached XP level 2. HP: 19/19 MP: 2/2
   374 | D:1      | Reached XP level 3. HP: 19/23 MP: 3/3
   857 | D:2      | Identified the +4 scale mail "Dinemnun" {rF+ rC+}
   860 | D:2      | Found a faded altar of an unknown god.
  1461 | D:3      | Reached XP level 4. HP: 25/29 MP: 4/4
  1468 | D:3      | Reached XP level 5. HP: 31/33 MP: 5/5
  1994 | D:3      | Found an opulent altar of Gozag.
  1994 | D:3      | Found a shimmering altar of Xom.
  2003 | D:3      | Found a hide-covered altar of Uskayaw.
  2005 | D:3      | Found a broken altar of Ashenzari.
  2007 | D:3      | Found a blossoming altar of Fedhas.
  2516 | D:4      | Noticed Edmund
  2538 | D:4      | Slain by Edmund

Illustrated notes

Levels and vault maps discovered:
D:1:      dpeg_arrival_lava_temple_mockup, layout_basic, skrybe_limestone_x
D:2:      layout_loops_ring, chequers_ecumenical_altar_simple_redux,
          kennysheep_cross_room, grunt_decor_junction, minmay_misc_feat_cross,
          chequers_mini_garden
D:3:      minmay_octagon_keep, layout_basic,
          chequers_temple_overflow_minitemple, cheibrodos_gnoll_hut
D:4:      layout_rooms, hangedman_abyss_or_decor_passed,
          kennysheep_small_spiral, uniq_edmund

Skill      XL: |  1  2  3  4 |
---------------+-------------+-----
Axes           | 2 3 |  3.6
Shields        | 4 |  4.3
Armour         | 4 |  4.0
Fighting       | |  3.9
Stealth        | |  0.2

Action                     |  1- 3 |  4- 6 || total
---------------------------+-------+-------++-------
  Melee: War axe           |   141 |   118 ||   259
    Use: Potion            |       |     1 ||     1
 Armour: Scale mail        |   121 |    87 ||   208
  Dodge: Dodged            |    60 |    51 ||   111
  Block: Buckler           |     4 |       ||     4
         Kite shield       |    80 |    65 ||   145

Table legend: (Time is in decaauts)
 A = Elapsed time spent in this place.
 B = Non-inter-level travel time spent in this place.
 C = Inter-level travel time spent in this place.
 D = Time resting spent in this place.
 E = Time spent auto-exploring this place.
 F = Levels seen in this place.
 G = Mean time per level.
                   A        B        C        D        E       F      G
               +--------+--------+--------+--------+--------+-----+--------+
         Total |   2674 |   2562 |    112 |      0 |   1884 |   4 |  668.5 |
       Dungeon |   2674 |   2562 |    112 |      0 |   1884 |   4 |  668.5 |
               +--------+--------+--------+--------+--------+-----+--------+

Top non-repeatable levels by time:
     D:3: 1196 daAuts
     D:2: 824 daAuts
     D:1: 606 daAuts
     D:4: 46 daAuts
